 Dungeon Crawl Stone Soup version 0.26-a0-663-g36e8fdb655 (webtiles) character file.

Game seed: 18189687417811145094

48843 Peloso the Peltast (level 14, -3/125 HPs)
             Began as a Minotaur Fighter on Oct 10, 2020.
             Was the Champion of Okawaru.
             Splashed by Urug's acid (9 damage)
             ... on level 13 of the Dungeon.
             The game lasted 01:06:48 (22211 turns).

Peloso the Peltast (Minotaur Fighter)              Turns: 22211, Time: 01:06:48

Health: -3/125     AC:  9    Str: 30    XL:     14   Next: 13%
Magic:  14/14      EV: 10    Int:  5    God:    Okawaru [******]
Gold:   1989       SH: 16    Dex: 13    Spells: 13/13 levels left

rFire    + . .     SeeInvis +   a - +6 demon blade (flame)
rCold    + . .     Faith    +   c - +1 kite shield
rNeg     . . .     Spirit   .   i - +1 plate armour {rF+}
rPois    .         Reflect  .   g - +0 hat {Int+3}
rElec    .         Harm     .   (no cloak)
rCorr    .         Rampage  .   S - +1 pair of gloves {Str+3}
MR       +....                  Y - -4 pair of boots of the Gardener {Str+2 Int-3 Slay+5} (curse)
Stlth    ..........             I - amulet of faith
HPRegen  0.30/turn              O - ring of Daffodils {rC+ Str+2 SInv}
MPRegen  0.14/turn              (no ring)

@: corroded
A: retaliatory headbutt, horns 2
a: Heroism, Finesse, Renounce Religion


You were on level 13 of the Dungeon.
You worshipped Okawaru.
Okawaru was exalted by your worship.
You visited 4 branches of the dungeon, and saw 17 of its levels.
You visited 1 bazaar.
You also visited: Sewer and Volcano.

You collected 3083 gold pieces.
You spent 1094 gold pieces at shops.

Inventory:

Hand Weapons
 a - a +6 demon blade of flaming (weapon)
 b - the +2 falchion of the Eternal Warrior {elec, rN+}
   (You found it on level 8 of the Dungeon)

   Occasionally, upon striking a foe, it will discharge some electrical energy
   and cause terrible harm.
   It protects you from negative energy.
Missiles
 h - 34 bolts
Armour
 c - a +1 kite shield (worn)
 e - a +1 pair of boots of flying
 g - a +0 hat of intelligence (worn)
 i - a +1 plate armour of fire resistance (worn)
 S - a +1 pair of gloves of strength (worn)
 Y - the cursed -4 pair of boots of the Gardener (worn) {Str+2 Int-3 Slay+5}
   (You bought it in a shop in a bazaar)

   It affects your strength (+2).
   It affects your intelligence (-3).
   It affects your accuracy and damage with ranged weapons and melee attacks
   (+5).
   It has a curse placed upon it.
Jewellery
 j - an uncursed ring of flight
 I - an amulet of faith (around neck)
 O - the ring of Daffodils (left hand) {rC+ Str+2 SInv}
   (You found it on level 9 of the Dungeon)

   [ring of see invisible]

   It affects your strength (+2).
   It protects you from cold.
   It lets you see invisible.
Wands
 l - a wand of digging (1)
Scrolls
 f - a scroll of enchant armour
 o - 5 scrolls of fog
 p - a scroll of identify
 q - 5 scrolls of remove curse
 t - 2 scrolls of fear {unknown}
 w - 6 scrolls of teleportation
 y - 6 scrolls of magic mapping
 B - 3 scrolls of immolation
 D - 2 scrolls of amnesia {unknown}
 L - 2 scrolls of vulnerability {unknown}
 M - 3 scrolls of acquirement
 N - a scroll of holy word {unknown}
 U - 2 scrolls of brand weapon {unknown}
Potions
 d - 5 potions of might
 k - a potion of magic
 m - a potion of mutation
 n - 2 potions of resistance
 u - 3 potions of flight
 x - a potion of stabbing
 A - 3 potions of invisibility
 J - 2 potions of berserk rage
 V - a potion of haste


   Skills:
 + Level 11.7 Fighting
   Level 9.3(12.0) Short Blades
 + Level 13.3(14.5) Long Blades
 + Level 13.3 Armour
 + Level 3.8 Dodging
 + Level 2.4 Stealth
 + Level 15.6 Shields
 + Level 2.4 Invocations
 + Level 2.2 Evocations


You had 13 spell levels left.
You didn't know any spells.
Your spell library contained the following spells:

 Spells                   Type           Power        Failure   Level
 Corona                   Hex            #......      97%         1
 Magic Dart               Conj           #...         97%         1
 Blink                    Tloc           N/A          99%         2
 Call Imp                 Summ           #.......     99%         2
 Searing Ray              Conj           #.....       99%         2
 Slow                     Hex            #.......     99%         2
 Conjure Flame            Conj/Fire      #.......     100%        3
 Dazzling Flash           Conj/Hex       #.....       100%        3
 Inner Flame              Hex/Fire       #.......     100%        3
 Mephitic Cloud           Conj/Pois/Air  #.......     100%        3
 Portal Projectile        Hex/Tloc       #.....       100%        3
 Cause Fear               Hex            #.........   100%        4
 Fulminant Prism          Conj/Hex       #.........   100%        4
 Iskenderun's Mystic Bla  Conj/Tloc      #.......     100%        4
 Leda's Liquefaction      Hex/Erth       #.........   100%        4


Dungeon Overview and Level Annotations

Branches:
Dungeon (13/15)            Temple (1/1) D:5            Lair (1/6) D:8
    Orc (2/2) D:10            Elf (0/3) Orc:2         Sewer (visited)
Volcano (visited)
 Vaults: D:13-14

Altars:
Ashenzari
Cheibriados
Dithmenos
Fedhas
Gozag
Hepliaklqana
Kikubaaqudgha
Makhleb
Okawaru
Sif Muna
Trog
Uskayaw
Vehumet
Wu Jian
Zin
Beogh

Shops:
D:13 *   Orc:2 :=*(

Portals:
Trove: D:10 (give 8 potions of haste)

Annotations:
D:13 Urug


Innate Abilities, Weirdness & Mutations

You reflexively headbutt those who attack you in melee.
You have a pair of horns on your head.


Message History

You are splashed with acid!
Urug throws a javelin.
The javelin barely misses you.
Urug zaps a wand.
The bolt of acid hits you!! The acid corrodes you!
You are splashed with acid!
A wyvern comes into view.
Urug zaps a wand.
The bolt of acid hits you!!
You are splashed with acid!
* * * LOW HITPOINT WARNING * * *
You block Urug's attack.
You slash Urug! You burn Urug. You headbutt Urug, but do no damage.
Urug is lightly wounded.
Urug hits you with a +3 war axe!
* * * LOW HITPOINT WARNING * * *
You hit Urug but do no damage.
Urug is lightly wounded.
You hit Urug but do no damage.
Urug is lightly wounded.
Urug zaps a wand.
The bolt of acid hits you!!
* * * LOW HITPOINT WARNING * * *
You are splashed with acid!
You die...

#.#
#.#...#....
#.#
#.#...#....
#(#
#.#...#....
#.#
#.#####..#.
#.# #.#
#..#.
#.######.
#....
#........
#####
#........
#@.......
#o######.
#l. #...
#....
#.....
#......
#......#


You could see Urug and a wyvern.

Vanquished Creatures
  Saint Roka (Orc:2)
  2 stone giants
  Josephine (Orc:2)
  Snorg (Orc:2)
  2 hydras (Lair:1)
  Erolcha (D:12)
  3 two-headed ogres
  A fire crab (Volcano)
  2 unseen horrors
  A lindwurm (Volcano)
  3 ugly things (D:12)
  3 deep elf magi
  5 orc knights
  2 cyclopes
  3 orc sorcerers
  Pikel (D:7)
  2 manticores
  4 centaur zombies
  2 molten gargoyles (Volcano)
  A cane toad (Lair:1)
  2 gargoyles
  Maggie (D:7)
  A rime drake (shapeshifter) (D:13)
  A komodo dragon (Lair:1)
  A rime drake (Lair:1)
  10 trolls
  11 blink frogs (Lair:1)
  12 fire bats
  2 wyverns
  The ghost of sanka the Covert, an amateur SpEn of Uskayaw (D:7)
  5 wraiths
  15 yaks
  7 wargs
  3 vampire mosquitoes (D:12)
  Menkaure (D:7)
  A soldier ant (D:11)
  An acid dragon (D:9)
  2 hell hounds (Volcano)
  A swamp drake (Orc:1)
  4 water moccasins
  3 ice beasts
  3 sky beasts
  45 orc warriors
  A necrophage (D:12)
  12 ogres
  5 phantoms
  A hornet zombie (D:9)
  An eye of draining (D:10)
  4 wolves (Lair:1)
  4 lemures (D:7)
  12 centaurs
  5 big kobolds
  9 bullfrogs
  A gnoll sergeant (D:8)
  5 scorpions
  2 oklob saplings (D:10)
  16 wights
  4 howler monkeys
  4 lava snakes (Volcano)
  A bullfrog zombie (D:8)
  A crimson imp (Orc:1)
  7 hounds
  3 jellies
  16 orc priests
  2 bullfrog skeletons
  2 centaur skeletons
  An iron imp (Orc:1)
  Natasha (thrice) (D:2)
  5 iguanas
  17 worker ants
  Ijyb (D:3)
  29 orc wizards
  A hound zombie (D:6)
  A mummy (D:4)
  3 worker ant zombies
  Robin (D:3)
  18 adders
  15 gnolls
  A howler monkey skeleton (D:9)
  3 shadow imps (D:3)
  7 white imps
  2 oozes (D:1)
  3 ufetubi
  4 adder skeletons
  2 worms
  The ghost of Sar the Sneak, a weakling KoDe (D:4)
  3 dart slugs
  7 leopard geckos
  88 orcs
  3 giant cockroaches
  17 goblins
  7 hobgoblins
  9 jackals
  3 quokkas
  6 ball pythons (D:10)
  10 bats
  9 frilled lizards
  A giant cockroach zombie (D:4)
  22 kobolds
  A leopard gecko skeleton (D:4)
  A quokka zombie (D:6)
  12 rats
609 creatures vanquished.

Vanquished Creatures (others)
  A shadow imp (Orc:1)
  5 orcs (Orc:1)
  A bush (D:10)
  9 fungi (Lair:1)
  25 plants
41 creatures vanquished.

Grand Total: 650 creatures vanquished

Notes
Turn   | Place    | Note
-------+----------+-------------------------------------------
     0 | D:1      | Peloso the Minotaur Fighter began the quest for the Orb.
     0 | D:1      | Reached XP level 1. HP: 19/19 MP: 0/0
   157 | D:1      | Reached XP level 2. HP: 26/27 MP: 1/1
   292 | D:1      | Reached skill level 4 in Shields
   723 | D:2      | Reached XP level 3. HP: 33/33 MP: 2/2
  1041 | D:2      | Noticed Natasha
  1057 | D:2      | Killed Natasha
  1057 | D:2      | Reached skill level 1 in Short Blades
  1057 | D:2      | Reached XP level 4. HP: 9/40 MP: 3/3
  1350 | D:2      | Noticed Natasha
  1357 | D:2      | Killed Natasha
  1357 | D:2      | Reached skill level 5 in Armour
  1652 | D:2      | Noticed Natasha
  1656 | D:2      | Reached XP level 5. HP: 46/46 MP: 4/4
  1667 | D:2      | Killed Natasha
  2000 | D:3      | Found a transporter.
  2091 | D:3      | Found a transporter.
  2141 | D:3      | Reached skill level 5 in Shields
  2141 | D:3      | Reached XP level 6. HP: 48/52 MP: 5/5
  2260 | D:3      | Noticed Ijyb
  2270 | D:3      | Killed Ijyb
  2594 | D:3      | Noticed Robin
  2615 | D:3      | Killed Robin
  3064 | D:4      | Reached skill level 1 in Evocations
  3064 | D:4      | Reached XP level 7. HP: 60/60 MP: 6/6
  3094 | D:4      | Found a transporter.
  3094 | D:4      | Noticed Sar's ghost (weakling KoDe)
  3102 | D:4      | Found a transporter.
  3150 | D:4      | Found a glowing drain.
  3164 | Sewer    | Entered a sewer
  3271 | Sewer    | Found a white marble altar of Elyvilon.
  3694 | D:4      | Found a bloodstained altar of Trog.
  3703 | D:4      | Found a shimmering blue altar of Sif Muna.
  3855 | D:5      | Entered Level 5 of the Dungeon
  3866 | D:5      | Reached skill level 5 in Short Blades
  3905 | D:5      | Found a staircase to the Ecumenical Temple.
  3921 | D:5      | Reached skill level 5 in Fighting
  3931 | Temple   | Entered the Ecumenical Temple
  4015 | Temple   | Became a worshipper of Warmaster Okawaru
  4125 | D:5      | Found a glowing silver altar of Zin.
  4241 | D:5      | Reached skill level 6 in Shields
  4241 | D:5      | Reached XP level 8. HP: 64/68 MP: 7/7
  4600 | D:6      | Reached * piety under Okawaru
  4985 | D:6      | Reached skill level 7 in Shields
  5373 | D:7      | Noticed Maggie
  5391 | D:7      | Killed Maggie
  5391 | D:7      | Reached ** piety under Okawaru
  5391 | D:7      | Reached XP level 9. HP: 25/78 MP: 5/8
  5874 | D:7      | Noticed sanka's ghost (amateur SpEn)
  5881 | D:7      | Found a runed translucent door.
  5897 | D:7      | Noticed Menkaure
  5904 | D:7      | Killed Menkaure
  6228 | D:7      | Noticed Pikel
  6256 | D:7      | Found a broken altar of Ashenzari.
  6290 | D:7      | Killed Pikel
  6290 | D:7      | Reached skill level 8 in Shields
  6328 | D:7      | Reached *** piety under Okawaru
  6561 | D:7      | Reached skill level 1 in Stealth
  7212 | D:8      | Reached XP level 10. HP: 86/86 MP: 9/9
  7270 | D:8      | Reached **** piety under Okawaru
  7292 | D:8      | Found a staircase to the Lair.
  7330 | D:8      | Got a polished falchion
  7331 | D:8      | Identified the +2 falchion of the Eternal Warrior {elec,
                  | rN+} (You found it on level 8 of the Dungeon)
  7671 | D:8      | Noticed an unseen horror
  7684 | D:8      | Killed an unseen horror
  7684 | D:8      | Reached skill level 10 in Armour
  7684 | D:8      | Reached skill level 9 in Shields
  7900 | D:9      | Reached skill level 1 in Dodging
  8157 | D:9      | Received a gift from Okawaru
  8456 | D:9      | Reached ***** piety under Okawaru
  8683 | D:9      | Received a gift from Okawaru
  8942 | D:9      | Noticed a deep elf mage
  8943 | D:9      | Noticed a stone giant
  8944 | D:9      | Found the +8 Wrath of Trog {antimagic, *Rage}
  8963 | D:9      | Killed a stone giant
  8963 | D:9      | Received a gift from Okawaru
  8963 | D:9      | Reached skill level 5 in Long Blades
  8963 | D:9      | Reached skill level 10 in Shields
  8974 | D:9      | Killed a deep elf mage
  8974 | D:9      | Reached skill level 1 in Invocations
  8974 | D:9      | Reached XP level 11. HP: 15/95 MP: 3/10
  9297 | D:9      | Got a smoking iron ring
  9299 | D:9      | Identified the ring of Daffodils {rC+ Str+2 SInv} (You
                  | found it on level 9 of the Dungeon)
  9379 | D:9      | Noticed a two-headed ogre
  9389 | D:9      | Killed a two-headed ogre
  9479 | D:10     | Entered Level 10 of the Dungeon
  9548 | D:10     | Noticed a two-headed ogre
  9551 | D:10     | Found a staircase to the Orcish Mines.
  9557 | D:10     | Killed a two-headed ogre
  9557 | D:10     | Received a gift from Okawaru
  9565 | D:10     | Got a steaming plate armour {god gift}
  9576 | D:10     | Identified the +5 plate armour of Shadows and Fog {Int+4}
                  | (Okawaru gifted it to you on level 10 of the Dungeon)
  9599 | D:10     | Found a portal to a secret trove of treasure.
  9836 | D:10     | Reached skill level 11 in Shields
  9923 | D:10     | Noticed a two-headed ogre
  9948 | D:10     | Killed a two-headed ogre
 10426 | D:10     | Found a blossoming altar of Fedhas.
 10671 | D:10     | Noticed an unseen horror
 10706 | D:10     | Killed an unseen horror
 10828 | D:10     | Got a shimmering plate armour
 10839 | D:10     | Identified the +2 plate armour of Weightlessness {Dex+3}
                  | (You found it on level 10 of the Dungeon)
 10883 | D:10     | Reached ****** piety under Okawaru
 11098 | D:11     | Found a flickering gateway to a bazaar.
 11115 | Bazaar   | Entered a bazaar
 11116 | Bazaar   | Found Jyrusuukyte's Distillery.
 11116 | Bazaar   | Found Ciummemomo's Jewellery Emporium.
 11117 | Bazaar   | Found Pony Saoxu's Assorted Antiques.
 11149 | Bazaar   | Found Wahuissu's General Store.
 11226 | Bazaar   | Bought a pair of warped boots for 256 gold pieces
 11232 | Bazaar   | Identified the cursed -4 pair of boots of the Gardener
                  | {Str+2 Int-3 Slay+5} (You bought it in a shop in a bazaar)
 11233 | Bazaar   | Bought a scroll labeled FYITUS MINEO for 27 gold pieces
 11233 | Bazaar   | Bought a scroll labeled FYITUS MINEO for 27 gold pieces
 11259 | Bazaar   | Bought a scroll of identify for 32 gold pieces
 11275 | Bazaar   | Bought a potion of mutation for 120 gold pieces
 11549 | D:11     | Identified a scroll of acquirement
 11590 | D:11     | Received a gift from Okawaru
 11720 | D:11     | Reached skill level 12 in Shields
 11720 | D:11     | Reached XP level 12. HP: 75/106 MP: 12/12
 11844 | D:11     | Reached skill level 10 in Long Blades
 12449 | D:12     | Got a steaming long sword
 12452 | D:12     | Identified the +9 long sword "Biffuj" {protect, *Noise
                  | Int+8} (You found it on level 12 of the Dungeon)
 12709 | D:12     | Received a gift from Okawaru
 12949 | D:12     | Noticed Erolcha
 12955 | D:12     | Killed Erolcha
 12955 | D:12     | Reached skill level 10 in Fighting
 13123 | Lair:1   | Entered Level 1 of the Lair of Beasts
 13133 | Lair:1   | Reached skill level 13 in Shields
 13163 | Lair:1   | Noticed a four-headed hydra
 13178 | Lair:1   | HP: 5/106 [six-headed hydra (6)]
 13560 | Lair:1   | Noticed a five-headed hydra
 13577 | Lair:1   | Killed a five-headed hydra
 14155 | Lair:1   | Killed a six-headed hydra
 15076 | Orc:1    | Entered Level 1 of the Orcish Mines
 15197 | D:9      | Reached XP level 13. HP: 32/114 MP: 13/13
 15522 | D:10     | Received a gift from Okawaru
 15532 | D:10     | Got an ichor-stained ring mail {god gift}
 15543 | D:10     | Identified the +5 ring mail of Fybuovva {MR++ MP+9}
                  | (Okawaru gifted it to you on level 10 of the Dungeon)
 16146 | D:10     | Reached skill level 14 in Shields
 17062 | Orc:1    | HP: 5/114 [orc sorcerer/bolt of fire (17)]
 17841 | Orc:2    | Entered Level 2 of the Orcish Mines
 17851 | Orc:2    | Noticed Josephine
 17854 | Orc:2    | Noticed Snorg
 17871 | Orc:2    | Killed Snorg
 17886 | Orc:2    | Noticed Saint Roka
 17892 | Orc:2    | Killed Josephine
 17895 | Orc:2    | Received a gift from Okawaru
 18076 | Orc:2    | Found a dark tunnel.
 18085 | Volcano  | Entered a volcano
 18398 | Volcano  | Reached skill level 15 in Shields
 18578 | Volcano  | Found a burning altar of Makhleb.
 19341 | Orc:2    | Noticed a stone giant
 19359 | Orc:1    | Killed a stone giant
 19359 | Orc:1    | Received a gift from Okawaru
 20868 | Orc:2    | Killed Saint Roka
 20868 | Orc:2    | Reached XP level 14. HP: 86/124 MP: 6/14
 21056 | Orc:2    | Found a staircase to the Elven Halls.
 21093 | Orc:2    | Found a roughly hewn altar of Beogh.
 21187 | Orc:2    | Received a gift from Okawaru
 21235 | Orc:2    | Found Wialosm's General Store.
 21235 | Orc:2    | Found Zosmysui's Jewellery Shop.
 21237 | Orc:2    | Found Xeonie's Book Boutique.
 21239 | Orc:2    | Found Guttoi's Antique Weapon Emporium.
 21243 | Orc:2    | Bought a scroll of magic mapping for 52 gold pieces
 21243 | Orc:2    | Bought a potion of might for 60 gold pieces
 21852 | D:4      | Killed Sar's ghost
 21927 | D:7      | Killed sanka's ghost
 22121 | D:13     | Found Umom's General Store.
 22129 | D:13     | Bought a scroll of acquirement for 520 gold pieces
 22203 | D:13     | Noticed Urug
 22211 | D:13     | HP: 6/125 [Urug/bolt of acid (18)]
 22211 | D:13     | Splashed by Urug's acid

Illustrated notes

Levels and vault maps discovered:
D:1:      lightli_molten_gateway, layout_loops_cross, st_stairs_9
D:2:      layout_loops_ring, uniq_natasha
D:3:      gammafunk_wand_slinger, layout_loops_corners, uniq_ijyb, uniq_robin
D:4:      layout_basic, amethyst_overflow_temple_binary,
          cheibrodos_sewer_entry_bend, gammafunk_ghost_mausoleum
D:5:      layout_gridville, zin_scriptorium, minmay_temple_entry_arrows
D:6:      layout_loops_ring
D:7:      layout_basic, cheibrodos_ashenzari_chains,
          hellmonk_ghost_happy_afterlife, lightli_minifort, uniq_maggie,
          uniq_menkaure, uniq_pikel
D:8:      layout_basic, dpeg_oklobed_lair
D:9:      minmay_the_grid_4x2 [minmay_the_grid_dragon_a,
          minmay_the_grid_zigzag_pyramid, minmay_the_grid_paths,
          minmay_the_grid_box_x, minmay_the_grid_spin_star,
          minmay_the_grid_all_tris, minmay_the_grid_embedded,
          minmay_the_grid_prize_diamond_cup], layout_stronghold, minmay_orc_keep
D:10:     cheibrodos_ideogram_h, layout_basic, orc_0_dummy, enter_trove_2,
          serial_curves, eino_curves_02, eino_curves_02,
          chequers_serial_rivers_marsh, introduction_to_nature_2
D:11:     layout_cave_pools, serial_shops, bzr_entry_dummy, kennysheep_potato
D:12:     layout_basic, uniq_erolcha
D:13:     layout_stronghold, erik_vaults_1, serial_shops, shop, minivault_26,
          uniq_urug
Temple:   regret_index_temple_mists
Lair:1:   layout_regular_city, infiniplex_staircase_pool_2
Orc:1:    layout_caves, hangedman_minor_magic
Orc:2:    st_orc_rangers, layout_caves, nicolae_volcano_entry_batcave,
          basic_altar, nicolae_orc_tapped_out, uniq_snorg, uniq_saint_roka,
          uniq_josephine

Skill      XL: |  1  2  3  4  5  6  7  8  9 10 11 12 13 |
---------------+----------------------------------------+-----
Armour         | 4 5 6 7 9 10 11 12 13 | 13.3
Fighting       | 4 5 6 7 8 9 10 11 | 11.7
Shields        | 4 5 6 7 8 10 12 13 15 | 15.6
Short Blades   | 1 2 3 5 7 9 |  9.3
Long Blades    | 3 6 9 11 13 | 13.3
Evocations     | 1 2 |  2.2
Stealth        | 1 2 |  2.4
Dodging        | 2 3 |  3.8
Invocations    | 1 2 |  2.4

Action                   |  1- 3 |  4- 6 |  7- 9 | 10-12 | 13-15 || total
-------------------------+-------+-------+-------+-------+-------++-------
Melee: Long sword        |    15 |       |       |   136 |   227 ||   378
       Headbutt          |    10 |    25 |    67 |   212 |   127 ||   441
       Short sword       |    53 |   132 |   303 |    36 |       ||   524
       Falchion          |       |       |       |   494 |       ||   494
       Demon blade       |       |       |       |       |   136 ||   136
Invok: Heroism           |       |       |     1 |     2 |     8 ||    11
       Finesse           |       |       |       |     1 |     1 ||     2
 Abil: Evoke Flight      |       |     2 |       |       |       ||     2
Evoke: Wand              |       |     1 |     1 |    13 |       ||    15
  Use: Scroll            |     5 |     1 |     6 |    11 |    11 ||    34
       Potion            |     4 |       |       |     3 |     4 ||    11
Armor: Scale mail        |    29 |    15 |       |       |       ||    44
       Plate armour      |       |    41 |    82 |   272 |   153 ||   548
       Acid dragon scale |       |       |       |     1 |       ||     1
Dodge: Dodged            |    31 |    22 |    35 |   151 |   207 ||   446
Block: Kite shield       |    35 |    60 |   136 |   498 |   432 ||  1161
       Rpst.: Long sword |     7 |       |       |     9 |    33 ||    49
       Falchion          |       |       |       |    23 |       ||    23
       Demon blade       |       |       |       |       |     3 ||     3

Table legend: (Time is in decaauts)
 A = Elapsed time spent in this place.
 B = Non-inter-level travel time spent in this place.
 C = Inter-level travel time spent in this place.
 D = Time resting spent in this place.
 E = Time spent auto-exploring this place.
 F = Levels seen in this place.
 G = Mean time per level.
                   A        B        C        D        E       F      G
               +--------+--------+--------+--------+--------+-----+--------+
         Total |  22037 |  20994 |   1043 |   4218 |  11260 |  20 | 1101.8 |
       Dungeon |  14853 |  13924 |    929 |   2153 |   8604 |  13 | 1142.5 |
        Temple |    125 |    125 |      0 |      0 |     64 |   1 |  125.0 |
          Lair |   1798 |   1733 |     65 |    351 |    728 |   1 | 1798.0 |
  Orcish Mines |   3603 |   3555 |     48 |   1146 |   1475 |   2 | 1801.5 |
        Bazaar |    369 |    369 |      0 |      3 |    155 |   1 |  369.0 |
         Sewer |    173 |    173 |      0 |      0 |    119 |   1 |  173.0 |
       Volcano |   1113 |   1113 |      0 |    565 |    114 |   1 | 1113.0 |
               +--------+--------+--------+--------+--------+-----+--------+

Top non-repeatable levels by time:
    D:10: 2952 daAuts
   Orc:1: 2177 daAuts
     D:9: 1977 daAuts
  Lair:1: 1798 daAuts
     D:7: 1533 daAuts
   Orc:2: 1426 daAuts
     D:8: 1123 daAuts
 Volcano: 1113 daAuts
     D:3: 1105 daAuts
     D:2: 1047 daAuts
    D:11: 1005 daAuts
     D:4: 915 daAuts
    D:12: 854 daAuts
     D:6: 831 daAuts
     D:1: 726 daAuts
